 Dungeon Crawl Stone Soup version 0.28.0 (webtiles) character file.

Game seed: 6079011478667621544

144 sanka the Conjurer (level 5, -2/28 HPs)
             Began as a Tengu Earth Elementalist on Feb 9, 2022.
             Slain by a gnoll (6 damage)
             ... on level 2 of the Dungeon.
             The game lasted 00:04:51 (3558 turns).

sanka the Conjurer (Tengu Earth Elementalist)       Turns: 3558, Time: 00:04:52

Health: -2/28      AC:  3    Str:  8    XL:     5   Next: 26%
Magic:  1/9        EV: 14    Int: 17    God:
Gold:   100        SH:  0    Dex: 15    Spells: 0/8 levels left

rFire   . . .      SeeInvis .   a - +0 whip
rCold   . . .      Faith    .   (no shield)
rNeg    . . .      Spirit   .   b - +0 robe
rPois   .          Reflect  .   (helmet restricted)
rElec   .          Harm     .   (no cloak)
rCorr   .          Rampage  .   d - +0 pair of gloves
Will    .....                   (boots unavailable)
Stlth   ++........              (no amulet)
HPRegen 0.09/turn               (no ring)
MPRegen 0.11/turn               (no ring)

@: flying quickly and evasively, very slightly contaminated, quick
A: beak, talons 3, nimble flight
a: no special abilities


You were on level 2 of the Dungeon.
You visited 1 branch of the dungeon, and saw 3 of its levels.

You collected 100 gold pieces.

Inventory:

Hand Weapons
 a - a +0 whip (weapon)
Missiles
 c - 24 stones
 e - 2 throwing nets
Armour
 b - a +0 robe (worn)
 d - a +0 pair of gloves (worn)
Magical Staves
 k - a staff of fire
Jewellery
 i - an amulet of the acrobat
Scrolls
 g - a scroll of vulnerability {unknown}
 h - a scroll of teleportation {unknown}
 j - a scroll of noise {unknown}
 m - a scroll of identify {unknown}
Potions
 f - a potion of heal wounds {unknown}
 l - a potion of curing {unknown}
 n - a potion of cancellation {unknown}
 o - a potion of mutation {unknown}


   Skills:
 - Level 2.1 Dodging
 - Level 2.0 Stealth
 - Level 2.0 Spellcasting
 + Level 6.2 Conjurations
 - Level 0.7 Transmutations
 + Level 0.9 Air Magic
 - Level 2.1 Earth Magic


You couldn't memorise any spells.
You knew the following spells:

 Your Spells              Type           Power      Damage    Failure   Level
a - Sandblast             Erth           18%        2d7       8%          1
b - Passwall              Tmut/Erth      5%         N/A       16%         2
c - Stone Arrow           Conj/Erth      30%        3d8       11%         3
d - Static Discharge      Conj/Air       13%        N/A       7%          2

Your spell library contained the following spells:

 Spells                   Type           Power      Damage    Failure   Level
 Conjure Flame            Conj/Fire      12%        6-21      16%         3
 Ignite Poison            Fire/Tmut/Pois 2%         N/A       47%         3
 Sticky Flame             Conj/Fire      12%        2d4       47%         4
 Petrify                  Tmut/Erth      6%         N/A       71%         4
 Dispel Undead            Necr           1%         3d6       88%         4


Dungeon Overview and Level Annotations

Branches:
Dungeon (3/15)

Altars:


Innate Abilities, Weirdness & Mutations

You have a beak for a mouth.
You have claws for feet.
Your magical nature lets you fly swiftly and evasively.


Message History

Confirm with . or Enter, or press ? or * to list all spells.
The gnoll is struck by an arc of lightning.
The gnoll is moderately wounded.
The lightning grounds out.
The gnoll is struck by an arc of lightning.
The gnoll is moderately wounded.
You are struck by an arc of lightning.
The lightning grounds out.
The gnoll barely misses you.
A gnoll comes into view. It is wielding a +0 spear.
Unknown command.
Casting: Static Discharge (safe; 7% risk of failure)
Confirm with . or Enter, or press ? or * to list all spells.
You miscast Static Discharge.
You are very lightly contaminated with residual magic.
Nothing appears to happen.
The gnoll shouts!
You hear a shout! x2
The gnoll hits you with a +0 spear! The gnoll misses you.
The gnoll barely misses you.
A gnoll comes into view. It is wielding a +0 halberd.
The gnoll hits you with a +0 spear.
* * * LOW HITPOINT WARNING * * *
The gnoll barely misses you. x2
You fly upwards.
There is a stone staircase leading down, spattered with blood here.
Unknown command.
Casting: Static Discharge (safe; 7% risk of failure)
Confirm with . or Enter, or press ? or * to list all spells.
The gnoll is struck by an arc of lightning.
The gnoll is heavily wounded.
You are struck by an arc of lightning.
* * * LOW HITPOINT WARNING * * *
The lightning grounds out.
The gnoll barely misses you. The gnoll hits you with a +0 club.
* * * LOW HITPOINT WARNING * * *
Unknown command.
Casting: Static Discharge (safe; 7% risk of failure)
Confirm with . or Enter, or press ? or * to list all spells.
You miscast Static Discharge.
Nothing appears to happen.
The gnoll hits you with a +0 spear.
You die...

#.############################
#.# #.........#......# #g#
#.#######.#.####.# #.#
#####'##.####.#....#.### #g#
###......#..g.#.#..#.#.#.. #.#
#g'......#.##.#g#..#.#.#.# #.#
#.#......#.##g#.#..#.#.#.# #.#
#.########.##.#.#..#.#.#.# #.#
#.....))g@g...............
#.###########.)........)......
#...gg.......#.#.......#.#.#.#
############.#.#..#.#.##.#.#.#
#.#.#..#.#....#.#.#
#.#.#..#.#.##.#.#.#
#######.#+#..#.######.#^#
#............#.[......#.#
#........................


You could see 2 gnolls.

Vanquished Creatures
  8 gnolls
  2 adders (D:2)
  A worm (D:2)
  3 dart slugs
  2 bats (D:1)
  3 endoplasms
  3 giant cockroaches (D:1)
  2 hobgoblins
  4 quokkas (D:1)
  2 ball pythons
  A frilled lizard (D:1)
  5 goblins
  3 kobolds
  6 rats
45 creatures vanquished.

Notes
Turn   | Place    | Note
-------+----------+-------------------------------------------
     0 | D:1      | sanka the Tengu Earth Elementalist began the quest for the
                  | Orb.
     0 | D:1      | Reached XP level 1. HP: 10/10 MP: 4/4
   121 | D:1      | Reached skill level 1 in Conjurations
   339 | D:1      | Reached skill level 2 in Conjurations
   359 | D:1      | Reached XP level 2. HP: 15/15 MP: 6/6
   673 | D:1      | Reached skill level 3 in Conjurations
  1056 | D:1      | Reached XP level 3. HP: 17/19 MP: 7/7
  1059 | D:1      | Learned a level 2 spell: Passwall
  1063 | D:1      | Learned a level 3 spell: Stone Arrow
  1586 | D:2      | Reached skill level 4 in Conjurations
  1890 | D:2      | Reached XP level 4. HP: 24/24 MP: 0/8
  2036 | D:2      | Reached skill level 5 in Conjurations
  2995 | D:2      | Reached skill level 6 in Conjurations
  2995 | D:2      | Gained mutation: Your magical nature lets you fly swiftly
                  | and evasively. [Tengu growth]
  2995 | D:2      | Reached XP level 5. HP: 8/28 MP: 4/9
  3211 | D:2      | Learned a level 2 spell: Static Discharge
  3558 | D:2      | Slain by a gnoll

Illustrated notes

Levels and vault maps discovered:
D:1:      onia_arrival_mini_spirals, layout_loops_ring, serial_co_window_serial,
          co_window_cross_1, co_window_paths_b, co_window_paths_b,
          co_window_cross_1, co_window_paths_b, co_window_unsneaky_path_a,
          co_window_broadway_b, co_window_unsneaky_path_b,
          co_window_of_opportunity_c, co_window_paths_c, co_window_corner_ca,
          co_window_2corner, glass_columns_a, glass_columns_b, glass_columns_a,
          glass_columns_a, palyth_stone_intersect
D:2:      layout_basic
D:3:      layout_rooms, ebering_ecumenical_altar_mist, uniq_robin

Skill      XL: |  1  2  3  4 |
---------------+-------------+-----
Conjurations   | 2 3 4 6 |  6.2
Dodging        | |  2.1
Stealth        | |  2.0
Spellcasting   | |  2.0
Transmutations | |  0.7
Air Magic      | |  0.9
Earth Magic    | |  2.1

Action                   |  1- 3 |  4- 6 || total
-------------------------+-------+-------++-------
Melee: Whip              |    43 |    14 ||    57
       Kick              |    14 |     2 ||    16
       Unarmed           |     3 |       ||     3
       Peck              |     7 |     3 ||    10
 Cast: Sandblast         |    26 |    14 ||    40
       Stone Arrow       |     5 |     3 ||     8
       Static Discharge  |       |     7 ||     7
 Stab: Sleeping          |     3 |       ||     3
Armor: Robe              |     8 |     3 ||    11
Dodge: Dodged            |    38 |    26 ||    64
